 Dungeon Crawl Stone Soup version 0.26.1-11-gd32895ea62 (webtiles) character file.

Game seed: 12889859796952358756

555 promet the Skirmisher (level 7, 0/55 HPs)
             Began as a Minotaur Fighter on June 8, 2021.
             Was an Initiate of Hepliaklqana.
             Slain by a killer bee (7 damage)
             ... on level 4 of the Dungeon.
             The game lasted 00:18:01 (3119 turns).

promet the Skirmisher (Minotaur Fighter)            Turns: 3119, Time: 00:18:02

Health: 0/55       AC: 13    Str: 21    XL:     7   Next: 8%
Magic:  6/6        EV:  4    Int:  7    God:    Hepliaklqana [......]
Gold:   156        SH: 11    Dex:  9    Spells: 6/6 levels left

rFire    . . .     SeeInvis .   a - +0 rapier
rCold    . . .     Faith    .   c - +1 kite shield
rNeg     . . .     Spirit   .   w - +0 plate armour
rPois    .         Reflect  .   j - +1 hat
rElec    .         Harm     .   (no cloak)
rCorr    .         Rampage  .   (no gloves)
Will     .....                  (no boots)
Stlth    ..........             m - amulet of magic regeneration
HPRegen  0.18/turn              (no ring)
MPRegen  0.35/turn              (no ring)

@: lethally poisoned (0 -> -15)
A: retaliatory headbutt, reduced essence, horns 2
a: Renounce Religion, Recall Ancestor, Ancestor Identity


You were on level 4 of the Dungeon.
You worshipped Hepliaklqana.
Hepliaklqana was noncommittal.
You visited 2 branches of the dungeon, and saw 5 of its levels.

You collected 156 gold pieces.

Inventory:

Hand Weapons
 a - a +0 rapier (weapon)
 b - a +0 hunting sling
 k - a +0 spear
 l - a +2 dagger of speed
 o - a +0 spear
 p - a +0 flail
 t - a +1 dagger of venom
Missiles
 e - 195 stones
 g - 31 arrows
 r - 18 sling bullets
 s - 6 boomerangs (quivered)
Armour
 c - a +1 kite shield (worn)
 j - a +1 hat (worn)
 w - a +0 plate armour (worn)
Jewellery
 m - an amulet of magic regeneration (around neck)
Wands
 u - a wand of polymorph (3)
Scrolls
 i - a scroll of remove curse
 v - 2 scrolls of identify
Potions
 d - 2 potions of might
 f - a potion of heal wounds
 h - a potion of invisibility
 n - a potion of cancellation
 q - a potion of curing


   Skills:
 * Level 5.9 Fighting
 + Level 4.9 Short Blades
 + Level 2.2 Slings
 + Level 0.1(1.1) Throwing
 + Level 4.6 Armour
 + Level 1.3 Dodging
 + Level 0.1 Stealth
 + Level 5.2 Shields


You had 6 spell levels left.
You didn't know any spells.
Your spell library contained the following spells:

 Spells                   Type           Power        Failure   Level
 Animate Skeleton         Necr           0%           100%        1
 Apportation              Tloc           0%           100%        1
 Corona                   Hex            0%           100%        1
 Summon Small Mammal      Summ           0%           100%        1


Dungeon Overview and Level Annotations

Branches:
Dungeon (4/15)             Temple (1/1) D:4

Altars:
Elyvilon
Hepliaklqana
Kikubaaqudgha
Sif Muna
Xom
Zin
The Shining One


Innate Abilities, Weirdness & Mutations

You reflexively headbutt those who attack you in melee.
You have a pair of horns on your head.
Your life essence is reduced to manifest your ancestor. (-10% HP)


Message History

You feel sick.
The killer bee stings you but does no damage. x2
You hit the killer bee. Your headbutt misses the killer bee.
The killer bee is severely wounded.
You feel sick. You block the killer bee's attack. x2
You miss the killer bee.
The killer bee is severely wounded.
You feel sick. The killer bee barely misses you.
You block the killer bee's attack.
You miss the killer bee.
The killer bee is severely wounded.
You feel sick. The killer bee stings you.
* * * LOW HITPOINT WARNING * * *
You are lethally poisoned!
The killer bee poisons you! You block the killer bee's attack.
You barely miss the killer bee. Your headbutt misses the killer bee.
The killer bee is severely wounded.
* * * LOW HITPOINT WARNING * * *
You feel sick. You block the killer bee's attack. The killer bee stings you!
You die...

.........................#.8.#...
..................#....#.......#.
.!...................#...8.>.8..)
.......................#.......#.
...........##....##.#....#.8.#...
#..........#####.................
#..........# #yy........#.#....
#..........# #y#........†......
#..#############@####......#.....
#.## #.......#....#....... #.
#)≈...≈.#....##......
#.......#....###.....
#.......#....# ##....
#[......#....# ##...
#.≈...≈.#....# ####
#.......#>...# ####'####.####


You could see 3 killer bees.

Vanquished Creatures
  Grinder (D:3)
  A phantom (D:3)
  An ogre (D:4)
  Robin (D:2)
  3 gnolls (D:2)
  6 adders
  An ooze (D:2)
  A worm (D:3)
  3 dart slugs
  A leopard gecko (D:2)
  An orc (D:3)
  2 ball pythons
  8 bats
  3 giant cockroaches
  15 goblins
  10 hobgoblins
  4 jackals (D:1)
  A frilled lizard (D:3)
  3 kobolds
  7 rats
73 creatures vanquished.

Vanquished Creatures (collateral kills)
  A hound zombie (D:4)
1 creature vanquished.

Vanquished Creatures (others)
  An ancestor (D:4)
  A leopard gecko (D:3)
  A fungus (D:4)
3 creatures vanquished.

Grand Total: 77 creatures vanquished

Notes
Turn   | Place    | Note
-------+----------+-------------------------------------------
     0 | D:1      | promet the Minotaur Fighter began the quest for the Orb.
     0 | D:1      | Reached XP level 1. HP: 19/19 MP: 0/0
   220 | D:1      | Reached XP level 2. HP: 27/27 MP: 1/1
   548 | D:2      | Noticed Robin
   589 | D:2      | Reached XP level 3. HP: 34/34 MP: 2/2
   686 | D:2      | Killed Robin
  1146 | D:2      | Reached XP level 4. HP: 41/41 MP: 3/3
  1952 | D:3      | Reached XP level 5. HP: 47/47 MP: 4/4
  2093 | D:3      | Noticed a phantom
  2132 | D:3      | Killed a phantom
  2133 | D:3      | Reached skill level 5 in Fighting
  2133 | D:3      | Reached skill level 1 in Slings
  2295 | D:3      | Noticed an angel
  2297 | D:3      | Found a glowing silver altar of Zin.
  2342 | D:3      | Found a shimmering altar of Xom.
  2405 | D:3      | Noticed Grinder
  2409 | D:3      | Paralysed by Grinder for 4 turns
  2424 | D:3      | Killed Grinder
  2425 | D:3      | Reached skill level 1 in Dodging
  2425 | D:3      | Reached skill level 5 in Shields
  2425 | D:3      | Reached XP level 6. HP: 32/56 MP: 5/5
  2758 | D:4      | Found a staircase to the Ecumenical Temple.
  2768 | D:4      | Reached XP level 7. HP: 52/62 MP: 6/6
  2857 | Temple   | Entered the Ecumenical Temple
  2907 | Temple   | Became a worshipper of Hepliaklqana the Forgotten
  3119 | D:4      | Slain by a killer bee

Illustrated notes

Levels and vault maps discovered:
D:1:      mrwooster_arrival_statue_2, layout_basic, hangedman_decor_growths,
          item_on_display_a
D:2:      minmay_recursive_quarters, layout_rooms, kennysheep_donut, uniq_robin
D:3:      layout_rooms, grunt_temple_overflow_order_and_chaos_1, uniq_grinder
D:4:      layout_rooms, fedhas_altar_3, minmay_temple_entry_sparse_star,
          chequers_serial_rivers_marsh, kennysheep_small_square
Temple:   minmay_temple_curvy_branch

Skill      XL: |  1  2  3  4  5  6 |
---------------+-------------------+-----
Fighting       | 4 5 |  5.9
Shields        | 4 5 |  5.2
Short Blades   | 3 4 |  4.9
Armour         | 4 |  4.6
Slings         | 1 2 |  2.2
Dodging        | 1 |  1.3
Throwing       | |  0.1
Stealth        | |  0.1

Action                   |  1- 3 |  4- 6 |  7- 9 || total
-------------------------+-------+-------+-------++-------
Melee: Rapier            |    88 |   122 |    20 ||   230
       Headbutt          |     7 |    19 |     1 ||    27
 Fire: Hunting sling     |     7 |     8 |     3 ||    18
Throw: Boomerang         |       |     2 |       ||     2
  Use: Scroll            |     4 |     5 |     2 ||    11
       Potion            |       |     2 |       ||     2
Armor: Scale mail        |    33 |    40 |       ||    73
       Plate armour      |       |     1 |    17 ||    18
Dodge: Dodged            |    21 |    39 |     4 ||    64
Block: Kite shield       |    54 |    72 |    22 ||   148
